[ AOE2 MATCH · #507640691 ]
UnrankedTeutons vs Malians
Player's team · WIN
Rival team · LOSS
[ REPLAY ANALYSIS · EXTRACTED FROM THE RECORDED GAME ]
Feudal
10:31
Castle
29:26
Imperial
40:06
| APM avg | 31.5 |
| APM peak | 62 |
| eAPM avg | 14.6 |
| Villagers / military | 134 / 53 |
Focus
⚔️ 27.4% · 🌾 72.6%
Archer ×28 · Militia ×9 · Mangonel ×8 · Trebuchet (Packed) ×4 · Monk ×3 · Spearman ×1
Feudal
9:49
Castle
24:56
Imperial
45:48
| APM avg | 47.1 |
| APM peak | 99 |
| eAPM avg | 14.2 |
| Villagers / military | 68 / 60 |
Focus
⚔️ 27.1% · 🌾 72.9%
Gbeto ×27 · Militia ×24 · Mangonel ×6 · Battering Ram ×2 · Spearman ×1
Match map
Initial resources + every placement click. Lines = walls · curves = elevation contours. ◆ gold · ⬟ stone · ● berries · ✦ relic · ◌ wall gap
Your base· Open — unwalled flank
BinG's base· Open — unwalled flank
Smoothed initial terrain · ◌ = detected wall gap · hover for details
Inputs per minute
— Kinait - - BinG
Build order — Kinait
First 150 of 328 actions detected
| 0:01 | Queue | Villager (Male) |
| 0:01 | Queue | Villager (Male) |
| 0:01 | Queue | Villager (Male) |
| 0:02 | Build | House |
| 0:04 | Build | House |
| 0:07 | Queue | Villager (Male) |
| 0:07 | Queue | Villager (Male) |
| 1:24 | Queue | Villager (Male) |
| 1:24 | Queue | Villager (Male) |
| 1:58 | Queue | Villager (Male) |
| 1:58 | Queue | Villager (Male) |
| 2:13 | Queue | Villager (Male) |
| 2:29 | Build | Lumber Camp |
| 2:40 | Queue | Villager (Male) |
| 2:52 | Queue | Villager (Male) |
| 2:52 | Queue | Villager (Male) |
| 3:06 | Build | House |
| 3:24 | Queue | Villager (Male) |
| 3:25 | Queue | Villager (Male) |
| 3:34 | Queue | Villager (Male) |
| 4:14 | Queue | Villager (Male) |
| 4:14 | Queue | Villager (Male) |
| 4:33 | Queue | Villager (Male) |
| 4:55 | Build | Mill |
| 5:18 | Queue | Villager (Male) |
| 5:18 | Queue | Villager (Male) |
| 5:32 | Queue | Villager (Male) |
| 5:37 | Queue | Villager (Male) |
| 5:37 | Queue | Villager (Male) |
| 6:01 | Queue | Villager (Male) |
| 6:04 | Build | House |
| 6:20 | Queue | Villager (Male) |
| 7:38 | Build | Barracks |
| 7:55 | Research | Loom |
| 7:55 | Research | Feudal Age |
| 8:00 | Build | House |
| 8:29 | Build | Mining Camp |
| 8:40 | Queue | Militia |
| 8:40 | Queue | Militia |
| 9:00 | Build | House |
| 9:15 | Build | Mining Camp |
| 10:07 | Queue | Militia |
| 10:31 | Age | Feudal Age |
| 10:32 | Build | House |
| 10:36 | Queue | Villager (Male) |
| 10:42 | Queue | Militia |
| 10:57 | Build | Watch Tower |
| 11:13 | Build | Palisade Wall |
| 11:18 | Queue | Villager (Male) |
| 11:40 | Queue | Militia |
| 11:42 | Queue | Villager (Male) |
| 11:47 | Build | Palisade Wall |
| 11:55 | Build | Farm |
| 11:56 | Build | Farm |
| 12:12 | Queue | Villager (Male) |
| 12:21 | Queue | Villager (Male) |
| 12:24 | Queue | Militia |
| 12:37 | Build | Farm |
| 12:40 | Build | Farm |
| 13:28 | Queue | Villager (Male) |
| 13:31 | Queue | Militia |
| 13:41 | Queue | Villager (Male) |
| 13:47 | Build | Archery Range |
| 13:49 | Build | Farm |
| 14:01 | Queue | Militia |
| 14:02 | Queue | Villager (Male) |
| 14:05 | Build | Farm |
| 14:16 | Build | Watch Tower |
| 14:21 | Build | Farm |
| 14:25 | Queue | Militia |
| 14:32 | Build | House |
| 14:36 | Queue | Villager (Male) |
| 14:42 | Queue | Archer |
| 14:42 | Queue | Archer |
| 15:00 | Build | Farm |
| 15:01 | Queue | Archer |
| 15:21 | Research | Man-at-Arms (upgrade) |
| 15:21 | Research | Man-at-Arms (upgrade) |
| 15:28 | Build | Watch Tower |
| 15:31 | Build | Palisade Wall |
| 15:34 | Build | Palisade Wall |
| 15:38 | Queue | Villager (Male) |
| 15:57 | Build | House |
| 16:12 | Build | Watch Tower |
| 16:13 | Queue | Villager (Male) |
| 16:20 | Build | Blacksmith |
| 16:30 | Build | House |
| 16:39 | Queue | Villager (Male) |
| 16:52 | Queue | Archer |
| 16:57 | Research | Fletching |
| 16:58 | Research | Fletching |
| 17:13 | Build | Watch Tower |
| 17:17 | Queue | Villager (Male) |
| 17:18 | Queue | Archer |
| 17:24 | Build | Farm |
| 17:34 | Queue | Archer |
| 17:36 | Queue | Villager (Male) |
| 17:39 | Build | Farm |
| 17:56 | Queue | Villager (Male) |
| 18:45 | Queue | Villager (Male) |
| 18:55 | Queue | Archer |
| 18:55 | Queue | Archer |
| 19:00 | Build | House |
| 19:03 | Research | Double-Bit Axe |
| 19:05 | Research | Horse Collar |
| 19:12 | Build | Archery Range |
| 19:23 | Queue | Villager (Male) |
| 19:26 | Build | Farm |
| 19:27 | Queue | Archer |
| 19:47 | Build | Watch Tower |
| 19:56 | Queue | Villager (Male) |
| 19:59 | Queue | Archer |
| 20:05 | Build | House |
| 20:08 | Queue | Archer |
| 20:09 | Build | House |
| 20:09 | Build | House |
| 20:21 | Build | Farm |
| 20:25 | Research | Forging |
| 20:29 | Build | Farm |
| 20:30 | Queue | Villager (Male) |
| 20:45 | Build | Watch Tower |
| 20:48 | Build | Farm |
| 20:50 | Build | Farm |
| 21:03 | Queue | Villager (Male) |
| 21:08 | Build | Farm |
| 21:10 | Build | Farm |
| 21:11 | Queue | Villager (Male) |
| 21:19 | Build | Lumber Camp |
| 21:29 | Queue | Archer |
| 21:30 | Queue | Archer |
| 21:42 | Build | Watch Tower |
| 21:57 | Queue | Villager (Male) |
| 22:05 | Build | Palisade Wall |
| 22:16 | Queue | Villager (Male) |
| 22:17 | Queue | Archer |
| 22:18 | Queue | Archer |
| 22:22 | Build | Farm |
| 22:24 | Build | Farm |
| 22:27 | Research | Wheelbarrow |
| 23:00 | Queue | Villager (Male) |
| 23:03 | Queue | Archer |
| 23:06 | Build | House |
| 23:25 | Queue | Villager (Male) |
| 23:42 | Build | Watch Tower |
| 23:49 | Queue | Villager (Male) |
| 23:50 | Queue | Archer |
| 23:51 | Queue | Archer |
| 24:03 | Queue | Villager (Male) |
| 25:04 | Build | Mining Camp |
| 25:36 | Research | Scale Mail Armor |
Build order — BinG
First 150 of 204 actions detected
| 0:01 | Queue | Villager (Male) |
| 0:01 | Queue | Villager (Male) |
| 0:03 | Build | House |
| 0:04 | Build | House |
| 0:19 | Queue | Villager (Male) |
| 0:20 | Queue | Villager (Male) |
| 1:36 | Queue | Villager (Male) |
| 1:36 | Queue | Villager (Male) |
| 1:36 | Queue | Villager (Male) |
| 2:00 | Queue | Villager (Male) |
| 2:12 | Build | Lumber Camp |
| 2:15 | Queue | Villager (Male) |
| 2:16 | Queue | Villager (Male) |
| 2:44 | Queue | Villager (Male) |
| 3:02 | Build | House |
| 3:04 | Build | House |
| 3:06 | Queue | Villager (Male) |
| 3:06 | Queue | Villager (Male) |
| 3:35 | Queue | Villager (Male) |
| 3:35 | Queue | Villager (Male) |
| 3:35 | Queue | Villager (Male) |
| 4:21 | Queue | Villager (Male) |
| 4:22 | Queue | Villager (Male) |
| 4:54 | Build | Mill |
| 4:59 | Queue | Villager (Male) |
| 4:59 | Queue | Villager (Male) |
| 5:17 | Queue | Villager (Male) |
| 5:17 | Queue | Villager (Male) |
| 5:50 | Queue | Villager (Male) |
| 5:51 | Queue | Villager (Male) |
| 6:23 | Queue | Villager (Male) |
| 6:47 | Build | Barracks |
| 6:50 | Queue | Villager (Male) |
| 7:39 | Research | Feudal Age |
| 7:44 | Build | Mining Camp |
| 7:46 | Queue | Militia |
| 7:46 | Queue | Militia |
| 7:47 | Queue | Militia |
| 8:01 | Build | Palisade Wall |
| 8:04 | Build | Palisade Wall |
| 8:07 | Build | Palisade Wall |
| 8:23 | Build | House |
| 8:27 | Queue | Militia |
| 9:15 | Queue | Militia |
| 9:15 | Queue | Militia |
| 9:49 | Age | Feudal Age |
| 9:52 | Build | Blacksmith |
| 9:58 | Queue | Militia |
| 10:12 | Build | Farm |
| 10:12 | Build | Farm |
| 10:12 | Build | Farm |
| 10:18 | Build | House |
| 10:23 | Build | House |
| 10:43 | Research | Loom |
| 10:45 | Queue | Spearman |
| 11:08 | Research | Forging |
| 11:38 | Queue | Militia |
| 11:38 | Queue | Militia |
| 11:53 | Research | Arson |
| 12:38 | Research | Man-at-Arms (upgrade) |
| 12:39 | Queue | Villager (Male) |
| 12:39 | Queue | Villager (Male) |
| 12:50 | Queue | Villager (Male) |
| 12:51 | Queue | Villager (Male) |
| 13:14 | Build | Watch Tower |
| 13:18 | Queue | Villager (Male) |
| 13:19 | Queue | Villager (Male) |
| 13:47 | Research | Scale Mail Armor |
| 13:51 | Build | Farm |
| 13:52 | Build | Farm |
| 13:52 | Build | Farm |
| 14:29 | Queue | Militia |
| 14:44 | Build | Farm |
| 14:44 | Build | Farm |
| 14:44 | Build | Farm |
| 14:45 | Build | Farm |
| 15:16 | Queue | Militia |
| 15:17 | Queue | Militia |
| 15:42 | Build | Farm |
| 15:42 | Build | Farm |
| 15:52 | Queue | Villager (Male) |
| 16:12 | Queue | Militia |
| 16:12 | Queue | Militia |
| 16:23 | Build | Farm |
| 16:41 | Build | Barracks |
| 16:45 | Build | House |
| 16:55 | Queue | Villager (Male) |
| 17:01 | Build | House |
| 17:02 | Build | House |
| 17:07 | Queue | Villager (Male) |
| 17:07 | Queue | Villager (Male) |
| 17:10 | Queue | Militia |
| 17:10 | Queue | Militia |
| 17:45 | Build | Market |
| 19:00 | Build | Watch Tower |
| 19:25 | Build | Mining Camp |
| 19:32 | Queue | Militia |
| 19:33 | Queue | Militia |
| 19:33 | Queue | Militia |
| 19:33 | Queue | Militia |
| 19:34 | Queue | Militia |
| 19:34 | Queue | Militia |
| 19:42 | Queue | Militia |
| 19:42 | Queue | Militia |
| 20:06 | Build | Farm |
| 20:35 | Build | Mining Camp |
| 20:44 | Build | Farm |
| 20:44 | Build | Farm |
| 20:44 | Build | Farm |
| 21:45 | Queue | Villager (Male) |
| 22:16 | Research | Castle Age |
| 23:25 | Research | Stone Mining |
| 23:39 | Build | House |
| 23:39 | Build | House |
| 23:41 | Build | House |
| 24:51 | Build | Lumber Camp |
| 24:56 | Age | Castle Age |
| 25:06 | Build | Castle |
| 26:14 | Queue | Gbeto |
| 26:14 | Queue | Gbeto |
| 26:14 | Queue | Gbeto |
| 26:14 | Queue | Gbeto |
| 26:57 | Build | Siege Workshop |
| 27:42 | Queue | Battering Ram |
| 28:25 | Queue | Battering Ram |
| 28:30 | Queue | Villager (Male) |
| 30:29 | Build | Mining Camp |
| 30:52 | Queue | Mangonel |
| 30:57 | Queue | Villager (Male) |
| 30:57 | Queue | Villager (Male) |
| 30:58 | Queue | Villager (Male) |
| 31:06 | Queue | Villager (Male) |
| 31:07 | Queue | Villager (Male) |
| 32:06 | Queue | Villager (Male) |
| 32:23 | Queue | Gbeto |
| 32:23 | Queue | Gbeto |
| 32:24 | Queue | Gbeto |
| 32:24 | Queue | Gbeto |
| 32:43 | Build | Farm |
| 32:43 | Build | Farm |
| 32:43 | Build | Farm |
| 32:44 | Build | Farm |
| 32:44 | Build | Farm |
| 32:44 | Build | Farm |
| 33:55 | Queue | Mangonel |
| 34:05 | Build | Farm |
| 34:14 | Queue | Villager (Male) |
| 34:14 | Queue | Villager (Male) |
| 34:15 | Queue | Villager (Male) |
| 34:15 | Queue | Villager (Male) |
Match timeline
| 6:47 | BinG · first_building Barracks |
| 7:38 | Kinait · first_building Barracks |
| 8:01 | BinG · wall_segment Palisade Wall x5 |
| 8:04 | BinG · wall_segment Palisade Wall x3 |
| 8:07 | BinG · wall_segment Palisade Wall x6 |
| 9:49 | BinG · age_up feudal |
| 10:31 | Kinait · age_up feudal |
| 11:13 | Kinait · wall_segment Palisade Wall x1 |
| 11:47 | Kinait · wall_segment Palisade Wall x2 |
| 13:47 | Kinait · first_building Archery Range |
| 15:31 | Kinait · wall_segment Palisade Wall x1 |
| 15:34 | Kinait · wall_segment Palisade Wall x1 |
| 18:54 | BinG · first_market_buy 100 stone |
| 22:05 | Kinait · wall_segment Palisade Wall x13 |
| 22:13 | BinG · first_market_sell 100 wood |
| 24:56 | BinG · age_up castle |
| 25:06 | BinG · first_building Castle |
| 26:57 | BinG · first_building Siege Workshop |
| 29:26 | Kinait · age_up castle |
| 29:33 | Kinait · first_market_sell 500 wood |
| 30:19 | Kinait · first_building Siege Workshop |
| 35:20 | Kinait · first_building Castle |
| 39:38 | Kinait · first_building Monastery |
| 40:06 | Kinait · age_up imperial |
| 45:48 | BinG · age_up imperial |
| 48:54 | BinG · resign |
[ AI ANALYSIS · 1 CREDIT ]
What really happened in this match?
Wolo.gg analyzes every decision: build order, eco, micro, common mistakes by bracket. Personalized analysis on WhatsApp or Discord in 30 seconds.
Civ guide
Teutons
Perfil
Jugador #87898